Map: Fort-Levant EC

Players

Liaf

  • Race: Zerg Zerg
  • Spawn Location: 7:00

IA (difficile)

  • Race: Protoss Protoss
  • Spawn Location: 1:00

VOD

Have the link to the VOD?

Description

Time

  • Played on: March 30, 2018, 12:17 p.m.
  • Length: 12:45
Show
View Real Time Build Order
Export as new Build Order

Liaf Zerg 

Build Orders: Hatch First 

Get SALT Encoding   

  12  0:00  Resonating Glaives, Zerg Ground Armor Level 1, Zerg Missile Weapons Level 2, Protoss Shields Level 1, Protoss Air Weapons Level 1, Terran Vehicle Armor Level 1, Terran Ship Weapons Level 3, Charge, Protoss Air Weapons Level 3, Combat Shields, Concussive Shells, Terran Infantry Weapons Level 1, Infernal Pre-Igniter, Moebius Reactor, Neural Parasite, Pneumatized Carapace, Protoss Ground Weapons Level 3, Terran Infantry Armor Level 3, Terran Vehicle Weapons Level 1, Neosteel Frame, Protoss Ground Armor Level 2, Gravitic Drive, Protoss Ground Armor Level 3, Protoss Ground Weapons Level 1, Terran Vehicle Weapons Level 2, Pathogen Glands, Terran Infantry Armor Level 2, Lair, Zerg Ground Armor Level 3, Terran Infantry Weapons Level 3, Protoss Shields Level 2, Zerg Melee Weapons Level 3, Protoss Air Armor Level 2, Terran Ship Armor Level 2, Psionic Storm, Terran Vehicle Armor Level 2, Personal Cloaking, Zerg Flyer Weapons Level 3, Terran Ship Weapons Level 1, Tunneling Claws, Zerg Flyer Armor Level 2, Terran Infantry Weapons Level 2, Graviton Catapult, Muscular Augments x2, Terran Ship Weapons Level 2, Protoss Air Armor Level 1, Behemoth Reactor, Terran Infantry Armor Level 1, Terran Vehicle Armor Level 3, Extended Thermal Lance, Zerg Melee Weapons Level 1, Adrenal Glands, Hi-Sec Auto Tracking, Blink, Protoss Air Weapons Level 2, Stimpack, Protoss Ground Armor Level 1, Cloaking Field, Burrow, Ventral Sacs, Corvid Reactor, Zerg Flyer Armor Level 3, Centrifical Hooks, Terran Ship Armor Level 3, Zerg Missile Weapons Level 1, Zerg Ground Armor Level 2, Protoss Shields Level 3, Chitinous Plating, Terran Ship Armor Level 1, Zerg Flyer Weapons Level 1, Glial Reconstitution, Enduring Locusts, Zerg Melee Weapons Level 2, Protoss Air Armor Level 3, Terran Vehicle Weapons Level 3, Warp Gate, Observer Gravitic Boosters, Building Armor, Zerg Flyer Armor Level 1, Durable Materials, Weapon Refit, Zerg Flyer Weapons Level 2, Caduceus Reactor, Zerg Missile Weapons Level 3, Protoss Ground Weapons Level 2, Metabolic Boost  
    0:12  Overlord  
    0:18  Drone x12  
    0:30  Unknown  
    0:32  Overlord  
    0:34  Unknown x5  
    0:38  Drone x12  
    0:52  Drone  
  13  1:02  Overlord  
  13  1:07  Drone  
  14  1:20  Drone x2  
  14  1:25  Drone  
  17  1:36  Drone  
  18  1:47  Hatchery  
  17  1:52  Drone  
  18  1:59  Extractor  
  17  2:06  Spawning Pool  
  16  2:08  Drone  
  16  2:11  Drone  
  18  2:18  Drone  
  19  2:29  Overlord  
  19  2:40  Overlord  
  19  2:51  Drone  
  19  2:55  Queen  
  22  3:01  Queen  
  22  3:04  Zergling x4  
  26  3:14  Drone x2  
  28  3:21  Drone  
  28  3:26  Metabolic Boost  
  29  3:29  Drone  
  29  3:33  Extractor  
  29  3:40  Drone x2  
  31  3:48  Drone x2  
  33  4:00  Drone, Zergling x2  
  35  4:13  Drone x2, Overlord  
  35  4:14  Overlord  
  35  4:16  Drone, Zergling x2  
  39  4:24  Overlord  
  39  4:25  Overlord  
  39  4:34  Lair  
  39  4:37  Drone x2  
  42  4:38  Zergling x2  
  42  4:47  Queen  
  42  4:51  Drone x2  
  42  4:52  Drone x2  
  48  4:54  Extractor  
  48  4:55  Drone, Zergling x2  
  48  4:56  Zergling x2  
  50  5:03  Drone  
  52  5:21  Zergling x4  
  52  5:22  Zergling x12  
  52  5:24  Hatchery  
  58  5:33  Queen  
  60  5:38  Hydralisk Den  
  60  5:39  Drone x2  
  61  5:44  Drone x2  
  63  5:50  Extractor  
  62  5:58  Evolution Chamber  
  62  6:00  Overlord x2  
  62  6:01  Evolution Chamber  
  62  6:02  Drone  
  61  6:08  Grooved Spines  
  61  6:10  Hydralisk x2  
  61  6:11  Hydralisk  
  65  6:13  Overlord  
  65  6:16  Drone  
  68  6:31  Drone x3  
  71  6:36  Zerg Missile Weapons Level 1  
  71  6:37  Zerg Ground Armor Level 1  
  71  6:41  Hydralisk x3  
  77  6:52  Drone  
  77  6:53  Drone x4  
  77  6:54  Drone  
  77  7:16  Drone x3, Hydralisk x2, Overlord  
  77  7:17  Hydralisk x2  
  85  7:24  Muscular Augments  
  85  7:25  Drone x3  
  88  7:35  Queen  
  90  7:47  Drone x2  
  90  7:48  Drone x2  
  94  7:51  Hydralisk x2  
  98  8:06  Overlord x3  
  98  8:07  Hydralisk  
  98  8:08  Hydralisk x2  
  104  8:16  Roach Warren  
  104  8:19  Overlord x2  
  103  8:35  Zerg Missile Weapons Level 2  
  103  8:36  Zerg Ground Armor Level 2  
  103  8:43  Hydralisk x9  
  121  8:53  Drone  
  122  8:58  Extractor  
  121  9:06  Hydralisk x5  
  121  9:09  Zergling x14  
  138  9:27  Hydralisk x3  
  138  9:29  Zergling x2, Overlord  
  145  9:32  Overlord x3  
  145  9:52  Hydralisk x2  
  149  9:54  Roach  
  149  9:55  Roach x6  
  163  10:05  Hydralisk x2  
  163  10:06  Hatchery  
  166  10:21  Roach  
  166  10:22  Hydralisk, Roach x3  
  166  10:24  Overlord x4  
  169  11:31  Hydralisk  
  169  11:32  Hydralisk x16  
Show
View Real Time Build Order
Export as new Build Order

IA (difficile) Protoss 

Build Orders: Blink Stalkers 

Get SALT Encoding   

  12  0:00  Protoss Ground Armor Level 3, Protoss Air Armor Level 1, Behemoth Reactor, Terran Infantry Armor Level 1, Zerg Ground Armor Level 1, Terran Vehicle Armor Level 3, Zerg Missile Weapons Level 2, Protoss Shields Level 1, Extended Thermal Lance, Adrenal Glands, Tunneling Claws, Protoss Air Weapons Level 1, Stimpack, Terran Ship Armor Level 3, Protoss Air Weapons Level 2, Terran Vehicle Weapons Level 2, Ventral Sacs, Hi-Sec Auto Tracking, Terran Ship Weapons Level 3, Charge, Protoss Ground Armor Level 1, Combat Shields, Concussive Shells, Terran Infantry Weapons Level 1, Burrow, Zerg Flyer Armor Level 2, Infernal Pre-Igniter, Moebius Reactor, Neural Parasite, Pneumatized Carapace, Protoss Ground Weapons Level 3, Zerg Flyer Weapons Level 1, Terran Infantry Armor Level 3, Corvid Reactor, Psionic Storm, Terran Vehicle Weapons Level 1, Neosteel Frame, Glial Reconstitution, Protoss Ground Armor Level 2, Gravitic Drive, Zerg Flyer Armor Level 3, Centrifical Hooks, Protoss Ground Weapons Level 1, Blink, Terran Vehicle Weapons Level 3, Zerg Missile Weapons Level 1, Terran Infantry Armor Level 2, Zerg Ground Armor Level 2, Zerg Flyer Weapons Level 3, Cloaking Field, Zerg Melee Weapons Level 1, Terran Vehicle Armor Level 1, Protoss Air Armor Level 3, Zerg Ground Armor Level 3, Pathogen Glands, Chitinous Plating, Protoss Air Weapons Level 3, Metabolic Boost, Caduceus Reactor, Terran Infantry Weapons Level 3, Protoss Shields Level 2, Enduring Locusts, Warp Gate, Zerg Melee Weapons Level 2, Zerg Missile Weapons Level 3, Zerg Melee Weapons Level 3, Protoss Air Armor Level 2, Terran Ship Armor Level 2, Resonating Glaives, Terran Vehicle Armor Level 2, Zerg Flyer Armor Level 1, Terran Ship Weapons Level 2, Observer Gravitic Boosters, Terran Ship Weapons Level 1, Building Armor, Terran Ship Armor Level 1, Terran Infantry Weapons Level 2, Weapon Refit, Graviton Catapult, Muscular Augments x2, Personal Cloaking, Zerg Flyer Weapons Level 2, Protoss Ground Weapons Level 2, Durable Materials, Protoss Shields Level 3  
    0:18  Probe x12  
    0:30  Unknown  
    0:34  Unknown x5  
    0:38  Probe x12  
    0:50  Unknown  
    0:51  Probe  
  13  1:03  Probe  
  14  1:12  Pylon  
  14  1:15  Probe  
  15  1:26  Probe  
  16  1:51  Nexus  
  16  1:57  Probe  
  16  1:59  Gateway  
  17  2:05  Probe  
  17  2:07  Assimilator  
  18  2:18  Probe  
  18  2:19  Pylon  
  19  2:39  Zealot  
  19  2:40  Probe  
  20  2:50  Cybernetics Core  
  22  3:01  Gateway  
  22  3:05  Assimilator  
  22  3:28  Stalker  
  24  3:34  Warp Gate  
  24  3:48  Stalker  
  26  3:55  Stalker  
  28  4:17  Stalker  
  28  4:23  Pylon  
  30  4:27  Probe  
  30  4:30  Stalker, Probe  
  34  4:39  Probe  
  34  4:42  Probe  
  34  4:43  Adept  
  36  4:51  Probe  
  39  4:54  Stalker, Probe  
  39  4:59  Forge  
  42  5:10  Adept  
  44  5:27  Zealot  
  46  6:04  Protoss Ground Weapons Level 1  
  46  6:14  Sentry  
  46  6:16  Gateway  
  48  6:20  Twilight Council  
  48  6:24  Sentry  
  50  6:26  Pylon  
  50  6:27  Pylon  
  50  6:35  Sentry  
  50  6:37  Blink  
  52  6:47  Photon Cannon  
  52  6:49  Photon Cannon  
  52  6:53  Sentry  
  54  7:08  Forge  
  54  7:12  Robotics Facility  
  54  7:13  Zealot  
  36  7:24  Zealot  
  38  7:35  Stalker  
  40  7:45  Protoss Ground Armor Level 1  
  40  7:46  Stalker  
  42  7:57  Stalker  
  44  8:01  Observer  
  45  8:07  Adept  
  47  8:18  Stalker  
  49  8:29  Stalker  
  51  8:39  Stalker  
  53  8:45  Observer  
  54  8:50  Adept  
  56  9:14  Stargate  
  56  10:39  Immortal  
  60  10:53  Gateway  
  60  10:55  Zealot  
  60  10:57  Robotics Facility  
  62  11:01  Zealot  
  62  11:02  Stargate  
  46  11:07  Zealot  
  46  11:09  Pylon  
  38  11:15  Zealot  
  38  11:25  Zealot  
  29  11:28  Zealot  
  29  11:32  Zealot  
  14  11:38  Pylon  
  8  11:41  Probe  
Tags
 
Composition
Blink Stalkers
Matchup
PvZ
Spawn Locations
Cross Positions
Add a new tag
Caveats
  • Supply blocks, unpowered buildings, or Contaminate may cause inaccurate times.
  • Supply counts are checked every 10 seconds.